 Dungeon Crawl Stone Soup version 0.29.1-1-gd02db69 (webtiles) character file.

Game seed: 7134651370121939213

4048 Timinator the Insei (level 9, -4/74 HPs)
             Began as a Demigod Transmuter on Dec 20, 2022.
             Slain by an orc warlord
             ... wielding a +11 broad axe
              (30 damage)
             ... in a bailey.
             The game lasted 00:31:34 (7708 turns).

Timinator the Insei (Demigod Transmuter)            Turns: 7708, Time: 00:31:35

Health: -4/74      AC:  7    Str: 15    XL:     9   Next: 75%
Magic:  17/19      EV: 14    Int: 15    God:
Gold:   464        SH:  0    Dex: 22    Spells: 14/17 levels left

rFire   . . .      SeeInvis .     - Unarmed
rCold   + . .      Faith    .   (no shield)
rNeg    . . .      Spirit   .   p - +1 ring mail {rC+}
rPois   .          Reflect  .   (helmet currently unavailable)
rElec   .          Harm     .   (no cloak)
rCorr   .          Rampage  .   d - +0 pair of gloves
Will    .....                   (boots currently unavailable)
Stlth   +.........              (no amulet)
HPRegen 0.22/turn               (no ring)
MPRegen 0.16/turn               (no ring)

@: mighty, appendages, wereblooded, flying
A: horns 2, talons 2, high MP 1, forlorn, divine attributes
a: End Transformation


You were in a bailey.
You had temporarily grown beastly horns and talons.
You visited 1 branch of the dungeon, and saw 7 of its levels.
You also visited: Bailey.

You collected 464 gold pieces.

Inventory:

Missiles
 s - a throwing net
Armour
 d - a +0 pair of gloves (worn)
 p - a +1 ring mail of cold resistance (worn)
Jewellery
 m - a ring of flight
 n - a ring of see invisible
 y - an amulet of regeneration
Wands
 t - a wand of iceblast (7)
Scrolls
 a - a scroll of enchant weapon {unknown}
 b - a scroll of immolation {unknown}
 c - a scroll of noise {unknown}
 g - 4 scrolls of butterflies {unknown}
 h - 6 scrolls of identify {unknown}
 i - 3 scrolls of brand weapon {unknown}
 j - 3 scrolls of teleportation
 k - a scroll of silence {unknown}
 l - 2 scrolls of fear {unknown}
 o - a scroll of summoning {unknown}
 q - 2 scrolls of amnesia {unknown}
 v - a scroll of blinking {unknown}
 x - a scroll of enchant armour {unknown}
 z - a scroll of magic mapping {unknown}
 B - a scroll of acquirement {unknown}
Potions
 e - 3 potions of flight
 f - 7 potions of might
 r - a potion of curing {unknown}
 u - 3 potions of berserk rage {unknown}
 w - a potion of cancellation {unknown}
 A - a potion of mutation {unknown}


   Skills:
 * Level 5.2 Fighting
 - Level 3.0 Armour
 * Level 5.3 Dodging
 + Level 7.4 Unarmed Combat
 + Level 4.7 Spellcasting
 * Level 6.7 Transmutations


You had 14 spell levels left.
You knew the following spells:

 Your Spells              Type           Power      Damage    Failure   Level
a - Beastly Appendage     Tmut           46%        N/A       1%          1
b - Wereblood             Tmut           23%        N/A       3%          2

Your spell library contained the following spells:

 Spells                   Type           Power      Damage    Failure   Level
 Spider Form              Tmut/Pois      13%        N/A       24%         3
 Summon Small Mammal      Summ           12%        N/A       32%         1
 Ice Form                 Ice/Tmut       13%        N/A       63%         4
 Call Canine Familiar     Summ           3%         N/A       67%         3
 Ozocubu's Armour         Ice            3%         N/A       67%         3
 Summon Guardian Golem    Hex/Summ       3%         N/A       67%         3
 Ozocubu's Refrigeration  Ice            1%         4d7       100%        7


Dungeon Overview and Level Annotations

Branches:
Dungeon (7/15)             Temple (0/1) D:7          Bailey (1/1)

Shops:
D:1 *   D:6 *


Innate Abilities, Weirdness & Mutations

You have temporarily grown beastly horns and talons.
You have an increased reservoir of magic. (+10% MP)
You shall have no god before yourself.
Your divine heritage dramatically boosts your attributes as you level up.


Message History

The kobold throws a boomerang.
The boomerang barely misses you.
Items here: $ ( ) ? [ ††.
You miss the kobold. Your headbutt misses the kobold. The kobold misses you.
You punch the kobold!
You feel a bit better.
You kill the kobold!
Your magical contamination has completely faded away.
There is an open translucent gate here.
There is an open translucent gate here.
You hit the orc warlord but do no damage.
The orc warlord closely misses you.
You hit the orc warlord but do no damage.
You headbutt the orc warlord.
The orc warlord is lightly wounded.
You hit the orc warlord but do no damage.
You claw the orc warlord, but do no damage.
The orc warlord is lightly wounded.
The orc warlord splashes around in the water.
You punch the orc warlord! Your headbutt misses the orc warlord.
The orc warlord is lightly wounded.
The orc warlord splashes around in the water.
You hit the orc warlord but do no damage.
The orc warlord is lightly wounded.
The orc warlord hits you with a +11 broad axe!!
You hit the orc warlord.
The orc warlord is lightly wounded.
You howl as the wereblood boils in your veins!
The orc warlord splashes around in the water.
You hit the orc warlord but do no damage.
You claw the orc warlord, but do no damage.
Your headbutt misses the orc warlord.
The orc warlord is lightly wounded.
You howl as the wereblood boils in your veins!
The orc warlord hits you with a +11 broad axe!!
You feel very mighty all of a sudden.
The orc warlord hits you with a +11 broad axe.
It was a potion of flight.
You feel very buoyant.
You fly up into the air.
The orc warlord hits you with a +11 broad axe!!
You die...

♣...~~~.# .... #.~~~
∩...~~~)#~....∩....~#.~~
♣...~~~)#~.........~#.~~
♣...~~~.#~~.8...8.~~#.~
♣♣..###'###.......###'###
♣.##....#~.8...8.~#....##
♣##.....#~~~~~~~~~#.....##
##......####o~~####......##
#...8......#'@'#......8...#
#............).(..........#
#............)............#
##..8..8...........8..8..##
##.......#######.......##
##.....## ##.....## ##...##
##...## ##### #####


You could see an orc warlord.

Vanquished Creatures
  An orc knight (Bailey)
  Grinder (D:4)
  6 yaks (D:5)
  A steam dragon (D:6)
  A water moccasin (D:7)
  3 orc warriors (Bailey)
  4 ice beasts
  2 black bears
  4 ogres
  2 kobold brigands
  A bullfrog (D:7)
  2 scorpions
  4 hounds
  3 jellies
  2 gnoll boudas (D:6)
  3 orc priests (D:6)
  3 iguanas
  2 orc wizards (D:7)
  12 gnolls
  10 adders
  A river rat (D:6)
  A worm (D:4)
  4 dart slugs
  21 orcs
  5 ball pythons
  3 bats
  3 endoplasms (D:1)
  2 giant cockroaches (D:1)
  9 goblins
  12 hobgoblins
  4 jackals (D:4)
  32 kobolds
  3 quokkas
  7 frilled lizards
  7 rats
181 creatures vanquished.

Vanquished Creatures (others)
  15 plants (D:3)
15 creatures vanquished.

Grand Total: 196 creatures vanquished

Notes
Turn   | Place    | Note
-------+----------+-------------------------------------------
     0 | D:1      | Timinator the Demigod Transmuter began the quest for the
                  | Orb.
     0 | D:1      | Reached XP level 1. HP: 15/15 MP: 5/5
   156 | D:1      | Reached skill level 1 in Fighting
   191 | D:1      | Reached XP level 2. HP: 20/23 MP: 7/7
   375 | D:1      | Found Zitoebie's Assorted Antiques.
   720 | D:1      | Reached skill level 3 in Unarmed Combat
  1214 | D:2      | Reached XP level 3. HP: 26/28 MP: 8/8
  2135 | D:3      | Reached skill level 1 in Armour
  2135 | D:3      | Reached XP level 4. HP: 21/35 MP: 9/9
  2334 | D:3      | Learned a level 2 spell: Wereblood
  3061 | D:4      | Noticed Grinder
  3074 | D:4      | Paralysed by Grinder for 4 turns
  3083 | D:4      | Killed Grinder
  3084 | D:4      | Reached XP level 5. HP: 41/41 MP: 9/11
  3084 | D:4      | Reached XP level 6. HP: 48/48 MP: 9/12
  3201 | D:4      | Reached skill level 4 in Unarmed Combat
  4501 | D:5      | Entered Level 5 of the Dungeon
  4520 | D:5      | Reached XP level 7. HP: 49/56 MP: 12/14
  4996 | D:5      | Noticed a yak
  4996 | D:5      | Noticed a yak
  5013 | D:5      | Noticed a yak
  5015 | D:5      | Noticed a yak
  5018 | D:5      | Noticed a yak
  5019 | D:5      | Killed a yak
  5019 | D:5      | Noticed a yak
  5028 | D:5      | Killed a yak
  5031 | D:5      | Killed a yak
  5032 | D:5      | Reached skill level 5 in Unarmed Combat
  5032 | D:5      | Reached XP level 8. HP: 33/63 MP: 14/16
  5036 | D:5      | Reached skill level 5 in Transmutations
  5830 | D:6      | Reached skill level 6 in Unarmed Combat
  6120 | D:6      | Reached XP level 9. HP: 61/72 MP: 15/18
  6263 | D:6      | Found Jaqel's Neck Hole.
  7398 | D:7      | Found a staircase to the Ecumenical Temple.
  7407 | D:7      | Reached skill level 5 in Dodging
  7448 | D:7      | Reached skill level 7 in Unarmed Combat
  7504 | D:7      | Found a flagged portal.
  7524 | Bailey   | Entered a bailey
  7530 | Bailey   | Noticed an orc warlord
  7568 | Bailey   | Reached skill level 5 in Fighting
  7581 | Bailey   | Noticed an orc knight
  7596 | Bailey   | Killed an orc knight
  7616 | Bailey   | Found a runed translucent gate.
  7616 | Bailey   | Found a runed translucent gate.
  7616 | Bailey   | Found a runed translucent gate.
  7708 | Bailey   | Slain by an orc warlord

Illustrated notes

Levels and vault maps discovered:
D:1:      matt_arrival_refuge, layout_basic, serial_shops, shop,
          bh_walls_and_bars
D:2:      layout_loops_corners
D:3:      layout_loops_ring, shapermc_ecumenical_altar_gd,
          lexackson_kobold_supper
D:4:      layout_loops_corners, worldfamousw_hep_ancestral_shrine,
          skrybe_limestone_x, uniq_grinder
D:5:      layout_rooms, mainiacjoe_overflow_alcove_4,
          nicolae_ru_sacrificial_ziggurat
D:6:      layout_loops_ring, mainiacjoe_overflow_small_starburst,
          gup_sewer_entry_spiral, nicolae_shop_sticking_my_neck_out
D:7:      layout_loops_ring, okawaru_gym_becter, old_standard_altar,
          minmay_temple_entry_junction, enter_bailey_4
Bailey:   bailey_axe_bossmonster_kennysheep, bailey

Skill      XL: |  1  2  3  4  5  6  7  8  9 |
---------------+----------------------------+-----
Fighting       | 1 2 3 4 5 |  5.2
Dodging        | 2 3 4 5 |  5.3
Transmutations | 2 3 4 5 6 |  6.7
Unarmed Combat | 3 4 5 6 7 |  7.4
Spellcasting   | 2 3 4 |  4.7
Armour         | 1 2 3 |  3.0

Action                   |  1- 3 |  4- 6 |  7- 9 || total
-------------------------+-------+-------+-------++-------
Melee: Unarmed           |    90 |   144 |   327 ||   561
       Kick              |    15 |    36 |    86 ||   137
       Headbutt          |    14 |    16 |    61 ||    91
       Punch             |     2 |     4 |    16 ||    22
 Cast: Beastly Appendage |    17 |    24 |    36 ||    77
       Wereblood         |       |     1 |    11 ||    12
  Use: Potion            |     1 |     1 |     4 ||     6
       Scroll            |     1 |       |       ||     1
 Stab: Sleeping          |       |       |     1 ||     1
Armor: Leather armour    |    28 |       |       ||    28
       Skin              |     3 |    12 |    10 ||    25
       Ring mail         |       |    40 |    65 ||   105
Dodge: Dodged            |    49 |    69 |   174 ||   292
